[ PARTIDA AOE2 · #459570546 ]
Team EWChinos vs Mongols
[ ANÁLISIS DE REPETICIÓN · EXTRAÍDO DE LA PARTIDA GRABADA ]
Feudal
—
Castillos
13:35
Imperial
—
| APM promedio | 30.4 |
| APM pico | 89 |
| eAPM promedio | 15.5 |
| Aldeanos / militares | 37 / 46 |
Foco
⚔️ 33.2% · 🌾 66.8%
Archer ×36 · Spearman ×7 · Iron Pagoda ×2 · Skirmisher ×1
Feudal
—
Castillos
10:40
Imperial
—
| APM promedio | 47.6 |
| APM pico | 82 |
| eAPM promedio | 26.4 |
| Aldeanos / militares | 65 / 18 |
Foco
⚔️ 37.3% · 🌾 62.7%
Scout Cavalry ×8 · Scorpion ×7 · Mangonel ×3
Feudal
—
Castillos
—
Imperial
—
| APM promedio | 7.7 |
| APM pico | 19 |
| eAPM promedio | 5.5 |
| Aldeanos / militares | 20 / 10 |
Foco
⚔️ 22.9% · 🌾 77.1%
Spearman ×5 · Skirmisher ×5
Feudal
—
Castillos
8:43
Imperial
20:27
| APM promedio | 66.0 |
| APM pico | 108 |
| eAPM promedio | 33.7 |
| Aldeanos / militares | 72 / 26 |
Foco
⚔️ 43.5% · 🌾 56.5%
Mangudai ×9 · Archer ×8 · Scout Cavalry ×6 · Spearman ×3
Mapa de la partida
Recursos iniciales + cada clic de construcción. Líneas = muros · curvas = relieve. ◆ oro · ⬟ piedra · ● bayas · ✦ reliquia · ◌ hueco del cierre
Tu base· Abierta — hueco de 6t
Base de MATIS24· ✓ Cerrada en 10:40 · 3t muro · 2 puerta(s)
Base de DunceSlav· Abierta — hueco de 1t
Base de URU | Deo· ✓ Cerrada en 8:43 · 7t muro · 3 puerta(s)
Terreno inicial suavizado · ◌ = hueco del cierre detectado · pasá el cursor para detalles
Inputs por minuto
— Me pica la próstata - - MATIS24
Build order — Me pica la próstata
142 acciones detectadas en el replay
| 0:30 | Crear | Villager (Male) |
| 0:58 | Investigar | Double-Bit Axe |
| 1:11 | Construir | Archery Range |
| 1:23 | Crear | Villager (Male) |
| 1:46 | Crear | Villager (Male) |
| 1:52 | Construir | House |
| 2:02 | Crear | Spearman |
| 2:12 | Construir | House |
| 2:30 | Crear | Archer |
| 2:41 | Crear | Villager (Male) |
| 2:41 | Crear | Villager (Male) |
| 2:51 | Construir | Archery Range |
| 2:57 | Investigar | Fletching |
| 3:04 | Crear | Archer |
| 3:24 | Crear | Archer |
| 3:28 | Investigar | Gold Mining |
| 3:29 | Crear | Villager (Male) |
| 3:30 | Crear | Villager (Male) |
| 3:43 | Crear | Archer |
| 3:45 | Crear | Archer |
| 3:46 | Crear | Archer |
| 4:04 | Crear | Spearman |
| 4:10 | Crear | Spearman |
| 4:19 | Construir | Watch Tower |
| 4:27 | Crear | Villager (Male) |
| 4:27 | Crear | Villager (Male) |
| 4:46 | Crear | Archer |
| 4:46 | Crear | Archer |
| 4:47 | Crear | Villager (Male) |
| 4:48 | Crear | Villager (Male) |
| 5:10 | Construir | Mining Camp |
| 5:30 | Crear | Spearman |
| 5:35 | Construir | Lumber Camp |
| 5:42 | Crear | Archer |
| 5:42 | Crear | Archer |
| 5:48 | Construir | House |
| 6:03 | Crear | Spearman |
| 6:16 | Construir | House |
| 6:23 | Construir | Farm |
| 6:24 | Construir | Farm |
| 6:24 | Construir | Farm |
| 6:24 | Construir | Farm |
| 6:25 | Construir | Farm |
| 6:25 | Construir | Farm |
| 6:25 | Construir | Farm |
| 6:26 | Crear | Villager (Male) |
| 6:28 | Crear | Skirmisher |
| 6:30 | Crear | Archer |
| 6:31 | Crear | Archer |
| 6:39 | Crear | Spearman |
| 6:40 | Crear | Spearman |
| 6:56 | Construir | Farm |
| 6:56 | Construir | Farm |
| 6:56 | Construir | Farm |
| 6:56 | Construir | Farm |
| 7:06 | Crear | Villager (Male) |
| 7:06 | Crear | Villager (Male) |
| 7:09 | Crear | Archer |
| 7:09 | Crear | Archer |
| 7:40 | Construir | House |
| 7:49 | Investigar | Wheelbarrow |
| 7:57 | Crear | Archer |
| 7:57 | Crear | Archer |
| 8:04 | Construir | Farm |
| 8:04 | Construir | Farm |
| 8:05 | Construir | Farm |
| 8:05 | Construir | Farm |
| 8:05 | Construir | Farm |
| 8:05 | Construir | Farm |
| 8:18 | Crear | Archer |
| 8:18 | Crear | Archer |
| 9:06 | Construir | House |
| 9:07 | Construir | House |
| 9:07 | Construir | House |
| 9:08 | Construir | House |
| 9:26 | Crear | Villager (Male) |
| 9:26 | Crear | Villager (Male) |
| 9:59 | Crear | Villager (Male) |
| 10:02 | Crear | Archer |
| 10:02 | Crear | Archer |
| 10:02 | Crear | Archer |
| 10:04 | Investigar | Padded Archer Armor |
| 10:36 | Crear | Archer |
| 10:36 | Crear | Archer |
| 10:55 | Investigar | Castle Age |
| 11:02 | Crear | Archer |
| 11:02 | Crear | Archer |
| 11:03 | Crear | Archer |
| 11:12 | Investigar | Stone Mining |
| 11:15 | Construir | Mining Camp |
| 11:21 | Construir | Archery Range |
| 12:05 | Crear | Archer |
| 12:06 | Crear | Archer |
| 12:57 | Crear | Archer |
| 12:59 | Crear | Archer |
| 13:05 | Crear | Archer |
| 13:35 | Edad | Edad de los Castillos |
| 13:37 | Construir | Town Center |
| 13:40 | Investigar | Crossbowman (upgrade) |
| 13:40 | Investigar | Thumb Ring |
| 13:43 | Investigar | Bodkin Arrow |
| 13:43 | Investigar | Leather Archer Armor |
| 13:57 | Crear | Villager (Male) |
| 13:57 | Crear | Villager (Male) |
| 13:57 | Crear | Villager (Male) |
| 14:08 | Construir | University |
| 14:25 | Construir | House |
| 14:25 | Construir | House |
| 14:26 | Construir | House |
| 14:26 | Construir | House |
| 14:26 | Construir | House |
| 14:26 | Construir | House |
| 14:53 | Crear | Archer |
| 14:54 | Crear | Archer |
| 14:54 | Crear | Archer |
| 14:57 | Crear | Villager (Male) ×5 |
| 15:03 | Investigar | Town Watch |
| 15:15 | Crear | Villager (Male) |
| 15:16 | Crear | Villager (Male) |
| 15:16 | Crear | Villager (Male) |
| 15:19 | Crear | Archer |
| 15:20 | Crear | Archer |
| 15:54 | Construir | Farm |
| 16:45 | Investigar | Ballistics |
| 16:55 | Crear | Villager (Male) |
| 16:55 | Crear | Villager (Male) |
| 16:55 | Crear | Villager (Male) |
| 17:14 | Construir | Siege Workshop |
| 17:17 | Crear | Villager (Male) |
| 17:17 | Crear | Villager (Male) |
| 17:18 | Crear | Villager (Male) |
| 17:24 | Construir | Lumber Camp |
| 18:09 | Crear | Villager (Male) |
| 18:10 | Crear | Villager (Male) |
| 18:10 | Crear | Villager (Male) |
| 18:14 | Investigar | Bow Saw |
| 18:18 | Construir | Farm |
| 18:28 | Crear | Iron Pagoda |
| 18:58 | Construir | Town Center |
| 19:24 | Crear | Iron Pagoda |
| 19:34 | Construir | Lumber Camp |
| 19:37 | Construir | Lumber Camp |
Build order — MATIS24
Primeras 150 de 163 acciones detectadas
| 0:01 | Crear | Villager (Male) ×4 |
| 0:01 | Crear | Villager (Male) ×4 |
| 0:19 | Construir | Stable |
| 0:45 | Construir | House |
| 0:54 | Construir | Mill |
| 0:59 | Crear | Scout Cavalry |
| 0:59 | Crear | Scout Cavalry |
| 1:03 | Construir | Palisade Gate |
| 1:06 | Construir | House |
| 1:15 | Crear | Scout Cavalry |
| 1:35 | Investigar | Double-Bit Axe |
| 1:43 | Construir | House |
| 1:44 | Construir | House |
| 1:47 | Construir | Palisade Wall |
| 1:56 | Crear | Villager (Male) |
| 1:56 | Crear | Villager (Male) |
| 2:25 | Crear | Scout Cavalry |
| 2:40 | Crear | Scout Cavalry |
| 2:48 | Construir | Watch Tower |
| 2:51 | Crear | Villager (Male) |
| 2:51 | Crear | Villager (Male) |
| 2:54 | Investigar | Horse Collar |
| 2:54 | Investigar | Horse Collar |
| 2:56 | Crear | Scout Cavalry |
| 3:19 | Construir | Farm |
| 3:20 | Construir | Farm |
| 3:21 | Construir | Farm |
| 3:23 | Construir | Farm |
| 3:31 | Construir | Farm |
| 3:34 | Crear | Villager (Male) |
| 3:35 | Investigar | Forging |
| 3:44 | Crear | Villager (Male) |
| 3:54 | Crear | Villager (Male) |
| 4:05 | Construir | House |
| 4:06 | Construir | House |
| 4:43 | Crear | Villager (Male) |
| 4:43 | Crear | Villager (Male) |
| 5:00 | Crear | Villager (Male) |
| 5:07 | Crear | Villager (Male) |
| 5:13 | Construir | Farm |
| 5:14 | Construir | Farm |
| 5:14 | Construir | Farm |
| 5:14 | Construir | Farm |
| 5:14 | Construir | Farm |
| 5:15 | Construir | Farm |
| 5:18 | Construir | Farm |
| 6:22 | Crear | Scout Cavalry |
| 6:22 | Crear | Scout Cavalry |
| 6:28 | Investigar | Fletching |
| 6:28 | Investigar | Fletching |
| 6:51 | Construir | House |
| 7:06 | Construir | House |
| 7:17 | Construir | Market |
| 7:53 | Construir | Gate |
| 7:55 | Construir | Stone Wall |
| 8:00 | Investigar | Castle Age |
| 8:00 | Investigar | Castle Age |
| 8:06 | Construir | House |
| 8:25 | Construir | Stone Wall |
| 9:32 | Construir | Watch Tower |
| 9:34 | Construir | House |
| 10:40 | Edad | Edad de los Castillos |
| 10:42 | Construir | Siege Workshop |
| 10:51 | Construir | Siege Workshop |
| 11:05 | Crear | Villager (Male) |
| 11:05 | Crear | Villager (Male) |
| 11:06 | Crear | Villager (Male) |
| 11:06 | Crear | Villager (Male) |
| 11:08 | Crear | Scorpion |
| 11:09 | Crear | Scorpion |
| 11:20 | Construir | Town Center |
| 11:34 | Construir | Mining Camp |
| 11:37 | Crear | Villager (Male) |
| 11:38 | Crear | Villager (Male) |
| 11:49 | Crear | Scorpion |
| 12:08 | Construir | University |
| 12:16 | Investigar | Bow Saw |
| 12:24 | Crear | Scorpion |
| 12:53 | Construir | Monastery |
| 13:04 | Crear | Villager (Male) |
| 13:04 | Crear | Villager (Male) |
| 13:04 | Crear | Villager (Male) |
| 13:05 | Crear | Villager (Male) |
| 13:14 | Investigar | Ballistics |
| 13:21 | Crear | Villager (Male) |
| 13:38 | Construir | Town Center |
| 13:53 | Crear | Scorpion |
| 14:05 | Construir | House |
| 14:06 | Construir | House |
| 14:09 | Construir | House |
| 14:10 | Construir | House |
| 14:12 | Crear | Villager (Male) |
| 14:15 | Crear | Scorpion |
| 14:23 | Construir | Outpost |
| 14:30 | Crear | Villager (Male) |
| 14:30 | Crear | Villager (Male) |
| 14:31 | Crear | Villager (Male) |
| 14:32 | Crear | Villager (Male) |
| 14:32 | Crear | Villager (Male) |
| 14:32 | Crear | Villager (Male) |
| 14:35 | Construir | Farm |
| 14:36 | Construir | Farm |
| 14:36 | Construir | Farm |
| 14:36 | Construir | Farm |
| 14:36 | Construir | Farm |
| 14:37 | Crear | Villager (Male) |
| 14:46 | Investigar | Town Watch |
| 14:47 | Crear | Villager (Male) |
| 14:47 | Crear | Villager (Male) |
| 14:47 | Crear | Villager (Male) |
| 14:49 | Construir | Mining Camp |
| 15:10 | Crear | Villager (Male) |
| 15:11 | Crear | Villager (Male) |
| 15:11 | Crear | Villager (Male) |
| 15:13 | Crear | Villager (Male) |
| 15:24 | Crear | Scorpion |
| 15:41 | Crear | Villager (Male) |
| 15:41 | Crear | Villager (Male) |
| 16:01 | Construir | Outpost |
| 16:02 | Crear | Mangonel |
| 16:02 | Crear | Mangonel |
| 16:26 | Crear | Villager (Male) |
| 16:36 | Crear | Mangonel |
| 16:38 | Crear | Villager (Male) |
| 16:38 | Crear | Villager (Male) |
| 16:39 | Crear | Villager (Male) |
| 16:39 | Crear | Villager (Male) |
| 16:39 | Crear | Villager (Male) |
| 16:39 | Crear | Villager (Male) |
| 17:11 | Construir | Castle |
| 17:22 | Crear | Villager (Male) |
| 17:24 | Construir | Farm |
| 17:28 | Construir | Farm |
| 17:28 | Construir | Farm |
| 17:29 | Crear | Villager (Male) |
| 17:29 | Crear | Villager (Male) |
| 17:37 | Construir | House |
| 17:38 | Construir | House |
| 17:43 | Construir | House |
| 17:44 | Construir | House |
| 17:46 | Construir | House |
| 17:49 | Construir | House |
| 17:51 | Construir | House |
| 18:07 | Construir | Farm |
| 18:08 | Crear | Villager (Male) |
| 18:08 | Crear | Villager (Male) |
| 18:11 | Construir | Lumber Camp |
| 18:38 | Construir | Mill |
| 19:01 | Construir | Outpost |
| 19:20 | Construir | Castle |
Build order — DunceSlav
34 acciones detectadas en el replay
| 0:13 | Crear | Villager (Male) ×4 |
| 0:44 | Investigar | Double-Bit Axe |
| 1:26 | Investigar | Horse Collar |
| 1:38 | Investigar | Gold Mining |
| 2:00 | Construir | House |
| 2:04 | Construir | House |
| 2:08 | Construir | House |
| 2:11 | Construir | House |
| 2:37 | Crear | Spearman ×5 |
| 3:10 | Investigar | Forging |
| 3:59 | Crear | Villager (Male) ×3 |
| 5:46 | Construir | Archery Range |
| 5:58 | Construir | Stable |
| 6:28 | Investigar | Town Watch |
| 6:54 | Crear | Villager (Male) ×5 |
| 7:06 | Crear | Villager (Male) |
| 7:06 | Crear | Villager (Male) |
| 7:08 | Crear | Villager (Male) |
| 7:24 | Investigar | Arson |
| 9:34 | Construir | Watch Tower |
| 9:52 | Investigar | Bloodlines |
| 11:16 | Construir | Mining Camp |
| 12:18 | Crear | Skirmisher ×5 |
| 14:33 | Crear | Villager (Male) ×5 |
| 15:09 | Construir | Farm |
| 15:54 | Construir | Mill |
| 16:20 | Construir | Stone Wall |
| 16:50 | Construir | Farm |
| 16:51 | Construir | Farm |
| 16:55 | Construir | Farm |
| 16:58 | Construir | Farm |
| 17:42 | Construir | Gate |
| 18:24 | Construir | Watch Tower |
| 18:26 | Construir | Watch Tower |
Build order — URU | Deo
Primeras 150 de 190 acciones detectadas
| 0:03 | Crear | Villager (Male) |
| 0:03 | Crear | Villager (Male) |
| 0:14 | Investigar | Double-Bit Axe |
| 0:20 | Construir | Stable |
| 0:34 | Crear | Villager (Male) |
| 0:57 | Crear | Villager (Male) |
| 1:10 | Crear | Scout Cavalry |
| 1:12 | Construir | Mill |
| 1:31 | Construir | Farm |
| 1:36 | Construir | House |
| 1:38 | Crear | Scout Cavalry |
| 1:39 | Crear | Villager (Male) |
| 1:46 | Investigar | Town Watch |
| 1:49 | Construir | Farm |
| 1:52 | Construir | House |
| 1:58 | Crear | Scout Cavalry |
| 1:58 | Crear | Villager (Male) |
| 2:07 | Crear | Scout Cavalry |
| 2:20 | Construir | Archery Range |
| 2:38 | Crear | Scout Cavalry |
| 2:38 | Crear | Villager (Male) |
| 2:41 | Construir | Farm |
| 2:42 | Construir | Farm |
| 2:44 | Construir | Farm |
| 3:00 | Crear | Villager (Male) |
| 3:09 | Construir | Farm |
| 3:19 | Construir | Farm |
| 3:21 | Crear | Scout Cavalry |
| 3:21 | Crear | Villager (Male) |
| 3:48 | Construir | Farm |
| 3:48 | Crear | Villager (Male) |
| 3:50 | Construir | Market |
| 3:52 | Construir | House |
| 3:54 | Construir | House |
| 4:07 | Crear | Villager (Male) |
| 4:18 | Crear | Archer |
| 4:38 | Crear | Archer |
| 4:38 | Crear | Villager (Male) |
| 4:41 | Construir | House |
| 4:42 | Construir | House |
| 4:43 | Construir | Palisade Wall |
| 4:55 | Crear | Villager (Male) |
| 5:16 | Crear | Villager (Male) |
| 5:19 | Crear | Spearman |
| 5:21 | Crear | Villager (Male) |
| 5:27 | Crear | Villager (Male) |
| 5:28 | Crear | Villager (Male) |
| 5:39 | Crear | Archer |
| 5:40 | Crear | Villager (Male) |
| 6:01 | Investigar | Castle Age |
| 6:02 | Investigar | Castle Age |
| 6:13 | Crear | Archer |
| 6:19 | Construir | Palisade Wall |
| 6:20 | Construir | Palisade Wall |
| 6:21 | Crear | Spearman |
| 7:05 | Investigar | Fletching |
| 7:24 | Construir | House |
| 7:28 | Construir | Palisade Gate |
| 7:43 | Construir | Palisade Gate |
| 7:45 | Construir | Palisade Wall |
| 7:50 | Crear | Archer |
| 7:59 | Construir | Palisade Gate |
| 8:02 | Construir | Palisade Wall |
| 8:03 | Construir | Palisade Wall |
| 8:43 | Edad | Edad de los Castillos |
| 8:50 | Investigar | Bodkin Arrow |
| 8:51 | Crear | Villager (Male) |
| 8:51 | Crear | Villager (Male) |
| 8:56 | Construir | Town Center |
| 8:58 | Construir | Town Center |
| 9:26 | Crear | Villager (Male) |
| 9:58 | Crear | Archer |
| 9:58 | Crear | Archer |
| 9:59 | Crear | Villager (Male) |
| 10:01 | Investigar | Bow Saw |
| 10:01 | Investigar | Horse Collar |
| 10:02 | Investigar | Horse Collar |
| 10:02 | Investigar | Gold Mining |
| 10:18 | Crear | Spearman |
| 10:29 | Crear | Villager (Male) |
| 10:32 | Construir | Farm |
| 10:33 | Construir | Farm |
| 10:37 | Construir | Farm |
| 10:38 | Construir | Farm |
| 10:40 | Construir | Lumber Camp |
| 10:46 | Construir | University |
| 10:50 | Crear | Archer |
| 10:50 | Crear | Villager (Male) |
| 11:10 | Crear | Villager (Male) |
| 11:15 | Crear | Villager (Male) |
| 11:15 | Crear | Villager (Male) |
| 11:42 | Crear | Villager (Male) |
| 11:44 | Construir | Mining Camp |
| 11:58 | Crear | Villager (Male) |
| 12:17 | Construir | House |
| 12:28 | Construir | Mill |
| 12:28 | Crear | Villager (Male) |
| 12:33 | Investigar | Heavy Plow |
| 12:37 | Crear | Villager (Male) |
| 12:55 | Crear | Villager (Male) |
| 12:55 | Crear | Villager (Male) |
| 12:59 | Construir | Mill |
| 13:04 | Construir | Mining Camp |
| 13:15 | Crear | Villager (Male) |
| 13:15 | Crear | Villager (Male) |
| 13:21 | Construir | Farm |
| 13:23 | Crear | Villager (Male) |
| 13:23 | Crear | Villager (Male) |
| 13:24 | Crear | Villager (Male) |
| 13:43 | Construir | Farm |
| 13:47 | Crear | Villager (Male) |
| 13:49 | Construir | Farm |
| 13:54 | Crear | Villager (Male) |
| 14:10 | Construir | Castle |
| 14:15 | Construir | Farm |
| 14:15 | Crear | Villager (Male) |
| 14:28 | Construir | Farm |
| 14:29 | Crear | Villager (Male) |
| 14:29 | Crear | Villager (Male) |
| 14:29 | Crear | Villager (Male) |
| 14:39 | Construir | Farm |
| 14:50 | Crear | Villager (Male) |
| 14:52 | Crear | Villager (Male) |
| 14:54 | Investigar | Ballistics |
| 14:54 | Investigar | Ballistics |
| 14:59 | Crear | Villager (Male) |
| 14:59 | Crear | Villager (Male) |
| 15:02 | Construir | Farm |
| 15:05 | Construir | Lumber Camp |
| 15:08 | Investigar | Wheelbarrow |
| 15:08 | Investigar | Wheelbarrow |
| 15:11 | Construir | Farm |
| 15:12 | Construir | Farm |
| 15:16 | Construir | Farm |
| 15:18 | Construir | Farm |
| 15:20 | Crear | Villager (Male) |
| 15:20 | Crear | Villager (Male) |
| 15:20 | Crear | Villager (Male) |
| 15:20 | Crear | Villager (Male) |
| 15:36 | Crear | Mangudai |
| 15:37 | Crear | Mangudai |
| 15:48 | Crear | Villager (Male) |
| 15:48 | Crear | Villager (Male) |
| 15:48 | Crear | Villager (Male) |
| 15:58 | Crear | Mangudai |
| 15:58 | Crear | Mangudai |
| 16:01 | Crear | Villager (Male) |
| 16:29 | Crear | Villager (Male) |
| 16:41 | Crear | Mangudai |
| 16:47 | Construir | Farm |
Cronología de la partida
| 0:19 | MATIS24 · first_building Stable |
| 0:20 | URU | Deo · first_building Stable |
| 1:11 | Me pica la próstata · first_building Archery Range |
| 1:47 | MATIS24 · wall_segment Palisade Wall x1 |
| 2:20 | URU | Deo · first_building Archery Range |
| 4:43 | URU | Deo · wall_segment Palisade Wall x1 |
| 5:35 | URU | Deo · first_market_sell 100 wood |
| 5:46 | DunceSlav · first_building Archery Range |
| 5:58 | DunceSlav · first_building Stable |
| 6:19 | URU | Deo · wall_segment Palisade Wall x1 |
| 6:20 | URU | Deo · wall_segment Palisade Wall x3 |
| 7:45 | URU | Deo · wall_segment Palisade Wall x1 |
| 7:55 | MATIS24 · wall_segment Stone Wall x1 |
| 7:57 | MATIS24 · first_market_sell 100 wood |
| 8:02 | URU | Deo · wall_segment Palisade Wall x1 |
| 8:03 | URU | Deo · wall_segment Palisade Wall x1 |
| 8:25 | MATIS24 · wall_segment Stone Wall x1 |
| 8:43 | URU | Deo · age_up castle |
| 9:30 | MATIS24 · first_market_buy 100 stone |
| 10:40 | MATIS24 · age_up castle |
| 10:42 | MATIS24 · first_building Siege Workshop |
| 12:53 | MATIS24 · first_building Monastery |
| 13:35 | Me pica la próstata · age_up castle |
| 14:10 | URU | Deo · first_building Castle |
| 16:20 | DunceSlav · wall_segment Stone Wall x43 |
| 17:11 | MATIS24 · first_building Castle |
| 17:14 | Me pica la próstata · first_building Siege Workshop |
| 17:47 | URU | Deo · first_building Siege Workshop |
| 19:03 | DunceSlav · resign |
| 20:27 | URU | Deo · age_up imperial |
[ ANÁLISIS IA · 1 CRÉDITO ]
¿Qué pasó realmente en esta partida?
Wolo.gg analiza cada decisión: build order, eco, micro, errores típicos por bracket. Análisis personalizado por WhatsApp o Discord en 30 segundos.
Guía civ
Chinos
Guía mapa
Enclosed
Perfil
Me pica la próstata